[Event "Hungarian Youth-ch U10 2022"]
[Site "Eger"]
[Date "2022.07.26"]
[Round "4.1"]
[White "Morovan-Szabo, Lorinc"]
[Black "Minga-Nagy, Abel Inti"]
[Result "1/2-1/2"]
[ECO "B73"]
[WhiteElo "1232"]
[BlackElo "1540"]
[Annotator "NA RC COMBH"]
[PlyCount "101"]
[EventDate "2022.07.21"]
[EventType "tourn"]
[EventCountry "HUN"]
[SourceTitle "playchess.com"]
[Source "ChessBase"]
[SourceQuality "1"]
[TimeControl "40/5400+30:1800+30"]

1. e4 c5 2. Nf3 d6 3. d4 cxd4 4. Nxd4 Nf6 5. Nc3 Nc6 6. Be2 g6 7. Be3 Bg7 8. O-O O-O 9. f4 Qb6 10. Qd2 Nxe4 11. Nxc6 Qxc6 12. Nxe4 Qxe4 13. Bf3 Qc4 14. Be2 Qc7 15. c3 Bf5 16. Bf3 Rad8 17. g4 Bc8 18. Rf2 e5 19. h3 Rfe8 20. Bd5 exf4 21. Rxf4 Be6 22. Bxe6 Rxe6 23. Qf2 Rde8 24. Rf3 b5 25. Rf1 Qc4 26. Bd4 Re2 27. Rxf7 Rxf2 28. Rxg7+ Kh8 29. Re7+ Qxd4 30. Rxe8+ Rf8+ 31. cxd4 Rxe8 32. Kf2 Kg7 33. Kg3 Re2 34. Rf2 Re3+ 35. Rf3 Rxf3+ 36. Kxf3 Kf6 37. Kf4 g5+ 38. Kf3 Ke6 39. Ke4 d5+ 40. Ke3 Kf6 41. Kf3 Kg6 42. Kg2 a5 43. b3 h5 44. a4 hxg4 45. hxg4 Kf6 46. Kf3 Ke6 47. Ke3 Kf6 48. Kf3 Kf7 49. Kf2 Kf8 50. Kf1 bxa4 51. bxa4 1/2-1/2

[Event "Hungarian Youth-ch U10 2022"]
[Site "Eger"]
[Date "2022.07.26"]
[Round "4.2"]
[White "Meszaros-Csonka, David"]
[Black "Papai, Mate"]
[Result "1/2-1/2"]
[ECO "B40"]
[WhiteElo "1361"]
[BlackElo "1385"]
[Annotator "NA RC COMBH"]
[PlyCount "57"]
[EventDate "2022.07.21"]
[EventType "tourn"]
[EventCountry "HUN"]
[SourceTitle "playchess.com"]
[Source "ChessBase"]
[SourceQuality "1"]
[TimeControl "40/5400+30:1800+30"]

1. e4 c5 2. Nf3 e6 3. c4 Nc6 4. Nc3 a6 5. Be2 d6 6. O-O Nf6 7. d4 cxd4 8. Nxd4 Be7 9. Be3 O-O 10. f3 Bd7 11. Qd2 Rc8 12. Rfc1 Re8 13. Rab1 Na5 14. Nd1 e5 15. Nb3 Nxb3 16. axb3 a5 17. Nc3 b6 18. Nd5 Nxd5 19. exd5 Bf5 20. Ra1 Bf6 21. b4 e4 22. Ra4 exf3 23. Bxf3 Bxb2 24. Re1 Bf6 25. bxa5 bxa5 26. Bf4 Rxe1+ 27. Qxe1 Qe8 28. Qxe8+ Rxe8 29. Kf2 1/2-1/2

[Event "Hungarian Youth-ch U10 2022"]
[Site "Eger"]
[Date "2022.07.26"]
[Round "4.3"]
[White "Molnar-Saska, Tamas"]
[Black "Brieber, Benedek"]
[Result "1/2-1/2"]
[ECO "B01"]
[WhiteElo "1455"]
[BlackElo "1369"]
[Annotator "NA RC COMBH"]
[PlyCount "79"]
[EventDate "2022.07.21"]
[EventType "tourn"]
[EventCountry "HUN"]
[SourceTitle "playchess.com"]
[Source "ChessBase"]
[SourceQuality "1"]
[TimeControl "40/5400+30:1800+30"]

1. e4 d5 2. exd5 Nf6 3. d4 Bg4 4. Bb5+ c6 5. dxc6 bxc6 6. Be2 Bxe2 7. Nxe2 e6 8. Nbc3 Bb4 9. O-O O-O 10. Bg5 h6 11. Bh4 Be7 12. Na4 Nd5 13. Bxe7 Qxe7 14. Nec3 f5 15. Nxd5 cxd5 16. Re1 f4 17. Qe2 Rf6 18. f3 Qb4 19. b3 Qxd4+ 20. Kh1 Nc6 21. c3 Qe3 22. Qd1 Qf2 23. Re2 Qh4 24. Nc5 Re8 25. Qe1 Qxe1+ 26. Raxe1 Nd8 27. h3 Kf7 28. Nd7 Rf5 29. Re5 Rxe5 30. Nxe5+ Kg8 31. Nd3 g5 32. h4 Nc6 33. Kh2 e5 34. Nf2 Kf7 35. Kh3 Kg6 36. hxg5 hxg5 37. Kh2 Kf5 38. c4 dxc4 39. bxc4 Rb8 40. Re2 1/2-1/2

[Event "Hungarian Youth-ch U10 2022"]
[Site "Eger"]
[Date "2022.07.26"]
[Round "4.4"]
[White "Szollosi, Balazs"]
[Black "Hegedus, Zsombor"]
[Result "0-1"]
[ECO "C54"]
[WhiteElo "1423"]
[BlackElo "1348"]
[Annotator "NA RC COMBH"]
[PlyCount "93"]
[EventDate "2022.07.21"]
[EventType "tourn"]
[EventCountry "HUN"]
[SourceTitle "playchess.com"]
[Source "ChessBase"]
[SourceQuality "1"]
[TimeControl "40/5400+30:1800+30"]

1. e4 e5 2. Nf3 Nc6 3. Bc4 Bc5 4. c3 Nf6 5. d4 exd4 6. cxd4 Bb4+ 7. Bd2 Bxd2+ 8. Nbxd2 d5 9. exd5 Nxd5 10. O-O O-O 11. Re1 h6 12. Ne5 Nxd4 13. Ne4 Nb6 14. Bxf7+ Rxf7 15. Nxf7 Kxf7 16. Re3 Bf5 17. Rc1 Bxe4 18. Rxe4 Nc6 19. Qb3+ Qd5 20. Qxd5+ Nxd5 21. Rc5 Nf6 22. Re1 a6 23. h3 Rd8 24. Re3 Rd6 25. Rb3 b6 26. Rc1 Nd5 27. Rf3+ Kg8 28. Rd3 Ncb4 29. Rdd1 c5 30. a3 Nc6 31. Kf1 Nce7 32. g4 Kf7 33. Rd3 Ke6 34. Re1+ Kd7 35. Red1 Kc6 36. Kg1 Ng6 37. Kh2 Ngf4 38. Rf3 Re6 39. Kg3 g5 40. a4 Re2 41. b3 b5 42. axb5+ Kxb5 43. Kh2 Kb4 44. Rb1 Nc3 45. Rc1 Ne4 46. Kg1 Nd2 47. Rfc3 0-1

[Event "Hungarian Youth-ch U10 2022"]
[Site "Eger"]
[Date "2022.07.26"]
[Round "4.5"]
[White "Hegedus, Bernat"]
[Black "Hangay, Oliver"]
[Result "1/2-1/2"]
[ECO "A57"]
[WhiteElo "1491"]
[BlackElo "1695"]
[Annotator "NA RC COMBH"]
[PlyCount "128"]
[EventDate "2022.07.21"]
[EventType "tourn"]
[EventCountry "HUN"]
[SourceTitle "playchess.com"]
[Source "ChessBase"]
[SourceQuality "1"]
[TimeControl "40/5400+30:1800+30"]

1. d4 Nf6 2. c4 c5 3. d5 b5 4. Qc2 d6 5. Nc3 b4 6. Nb1 g6 7. e4 Bg7 8. Bd3 O-O 9. Nf3 Nbd7 10. h3 a5 11. Nbd2 a4 12. Rb1 Nh5 13. O-O Nb6 14. Re1 Qc7 15. Nf1 Nd7 16. Bd2 Ne5 17. Nxe5 Bxe5 18. Nh2 Bd7 19. Nf3 Bg7 20. Re2 b3 21. axb3 axb3 22. Qd1 Rfb8 23. Qe1 Ra2 24. Bc1 Qa5 25. e5 Qxe1+ 26. Rxe1 Bf8 27. g4 Ng7 28. Nd2 Ne8 29. f4 Ra5 30. Re3 Bg7 31. Be2 g5 32. Nxb3 gxf4 33. exd6 fxe3 34. Nxa5 exd6 35. b3 Bc3 36. Nc6 Bxc6 37. dxc6 Bd4 38. Kg2 Nc7 39. Kf3 Rb6 40. Bxe3 Bxe3 41. Kxe3 Rxc6 42. b4 cxb4 43. Rxb4 d5 44. Kd4 dxc4 45. Rxc4 Ne6+ 46. Ke5 Rxc4 47. Bxc4 Ng5 48. Bf1 Kg7 49. Kf5 f6 50. h4 Nf3 51. h5 h6 52. Ke6 Ng5+ 53. Kf5 Nf3 54. Ba6 Nd4+ 55. Ke4 Ne6 56. Bc8 Ng5+ 57. Kf4 Nf7 58. Be6 Nd6 59. Bf5 Nxf5 60. Kxf5 Kf7 61. Kf4 Ke7 62. Ke4 Ke6 63. Kf4 Ke7 64. Ke4 Ke6 1/2-1/2

[Event "Hungarian Youth-ch U10 2022"]
[Site "Eger"]
[Date "2022.07.26"]
[Round "4.6"]
[White "Illes-Nagy, Nora"]
[Black "Wang, Luomeng"]
[Result "1-0"]
[ECO "D02"]
[WhiteElo "1402"]
[BlackElo "1078"]
[Annotator "NA RC COMBH"]
[PlyCount "121"]
[EventDate "2022.07.21"]
[EventType "tourn"]
[EventCountry "HUN"]
[SourceTitle "playchess.com"]
[Source "ChessBase"]
[SourceQuality "1"]
[TimeControl "40/5400+30:1800+30"]

1. d4 d5 2. Nf3 Nf6 3. c3 Bf5 4. Bf4 c5 5. e3 Nc6 6. Bd3 Bxd3 7. Qxd3 c4 8. Qc2 e6 9. Nbd2 Bd6 10. Bxd6 Qxd6 11. O-O O-O 12. Rfe1 b5 13. a4 b4 14. e4 dxe4 15. Nxc4 Qd5 16. Nfd2 Ne7 17. cxb4 Rac8 18. b3 Qxd4 19. Nxe4 Nxe4 20. Qxe4 Qc3 21. Qe3 Qxe3 22. Nxe3 Nc6 23. b5 Nd4 24. b4 Nc2 25. Nxc2 Rxc2 26. Red1 Rfc8 27. h3 g6 28. Rd7 Rc1+ 29. Rxc1 Rxc1+ 30. Kh2 Rc4 31. Rxa7 Rxb4 32. Kg3 Kg7 33. Kf3 h6 34. Ke3 e5 35. Kd3 e4+ 36. Kc3 Rb1 37. Kd4 Rb4+ 38. Kc5 Rb2 39. Re7 Rxf2 40. Rxe4 Rxg2 41. b6 Kf6 42. b7 Rc2+ 43. Rc4 Rb2 44. Rb4 Rxb4 45. Kxb4 Kg5 46. b8=Q f5 47. Qg3+ Kh5 48. Qh2 f4 49. Qxf4 g5 50. Qg4+ Kg6 51. h4 Kf6 52. hxg5+ hxg5 53. a5 Ke7 54. Qxg5+ Kd7 55. Qf6 Kc7 56. Qb6+ Kc8 57. a6 Kd7 58. a7 Ke7 59. a8=Q Kf7 60. Qaa7+ Ke8 61. Qbb8# 1-0

[Event "Hungarian Youth-ch U10 2022"]
[Site "Eger"]
[Date "2022.07.26"]
[Round "4.7"]
[White "Hangay, Lilla"]
[Black "Csiszar, Vivien"]
[Result "1-0"]
[ECO "B47"]
[WhiteElo "1169"]
[BlackElo "1068"]
[Annotator "NA RC COMBH"]
[PlyCount "37"]
[EventDate "2022.07.21"]
[EventType "tourn"]
[EventCountry "HUN"]
[SourceTitle "playchess.com"]
[Source "ChessBase"]
[SourceQuality "1"]
[TimeControl "40/5400+30:1800+30"]

1. e4 c5 2. Nf3 Nc6 3. d4 cxd4 4. Nxd4 e6 5. Nc3 Qc7 6. g3 a6 7. Bg2 h5 8. h4 Nf6 9. O-O Ng4 10. Bf3 Nxd4 11. Qxd4 Bc5 12. Bf4 e5 13. Nd5 Qd6 14. Qc3 Bd4 15. Qxd4 exf4 16. Qxg7 Rf8 17. Bxg4 hxg4 18. Rad1 Qb8 19. Qf6 1-0

[Event "Hungarian Youth-ch U10 2022"]
[Site "Eger"]
[Date "2022.07.26"]
[Round "4.8"]
[White "Ferenczy, Nora"]
[Black "Biro, Csilla"]
[Result "1-0"]
[ECO "D35"]
[WhiteElo "1051"]
[BlackElo "1215"]
[Annotator "NA RC COMBH"]
[PlyCount "105"]
[EventDate "2022.07.21"]
[EventType "tourn"]
[EventCountry "HUN"]
[SourceTitle "playchess.com"]
[Source "ChessBase"]
[SourceQuality "1"]
[TimeControl "40/5400+30:1800+30"]

1. d4 e6 2. c4 d5 3. Nc3 Nf6 4. cxd5 exd5 5. Bg5 Be7 6. e3 Nbd7 7. Qc2 O-O 8. Bd3 h6 9. Bf4 a6 10. Nf3 c5 11. dxc5 Nxc5 12. Be2 Re8 13. O-O Bg4 14. h3 Bh5 15. Rfd1 Qd7 16. Nxd5 Nxd5 17. Ne5 Bxe2 18. Nxd7 Bxd1 19. Rxd1 Nxf4 20. exf4 Rac8 21. Nxc5 Bxc5 22. Qb3 b6 23. Qd3 a5 24. a3 Be7 25. Re1 Red8 26. Qf3 Bc5 27. Rd1 Bd4 28. Qb3 Rc7 29. Re1 Bc5 30. Qb5 Rcc8 31. b4 axb4 32. axb4 Bd4 33. Qh5 Bc3 34. Re7 Rf8 35. Qb5 Bd4 36. Qe2 Rfd8 37. Kh2 Kf8 38. Qe4 Bxf2 39. Qb7 Bd4 40. Rxf7+ Kg8 41. Rd7 Bc3 42. Qd5+ Kh7 43. Rxd8 Rc7 44. Qf5+ g6 45. Rd7+ Rxd7 46. Qxd7+ Bg7 47. Qb7 g5 48. fxg5 hxg5 49. Qxb6 Kg8 50. Qd8+ Kh7 51. Qxg5 Kh8 52. Qxg7+ Kxg7 53. b5 1-0

[Event "Hungarian Youth-ch U10 2022"]
[Site "Eger"]
[Date "2022.07.27"]
[Round "5.1"]
[White "Hangay, Oliver"]
[Black "Morovan-Szabo, Lorinc"]
[Result "1-0"]
[ECO "C75"]
[WhiteElo "1695"]
[BlackElo "1232"]
[Annotator "NA RC COMBH"]
[PlyCount "119"]
[EventDate "2022.07.21"]
[EventType "tourn"]
[EventCountry "HUN"]
[SourceTitle "playchess.com"]
[Source "ChessBase"]
[SourceQuality "1"]
[TimeControl "40/5400+30:1800+30"]

1. e4 e5 2. Nf3 Nc6 3. Bb5 a6 4. Ba4 d6 5. c3 Bd7 6. O-O Nf6 7. Re1 g6 8. d4 Bg7 9. Bxc6 Bxc6 10. dxe5 dxe5 11. Qxd8+ Rxd8 12. Nxe5 Bd7 13. Na3 O-O 14. Nec4 Bc6 15. f3 Rfe8 16. Na5 Re6 17. Bf4 Rd7 18. Rad1 b6 19. N5c4 Nh5 20. Rxd7 Bxd7 21. Bxc7 Bf8 22. Rd1 Ba4 23. Rd8 Kg7 24. Bd6 Bxd6 25. Rxd6 Rxd6 26. Nxd6 Bc6 27. g3 Nf6 28. Nac4 Nd7 29. Kf2 Kf6 30. Ne3 Ke6 31. Ndc4 Bb7 32. Ke2 Ba8 33. b4 b5 34. Na5 Nb6 35. Nb3 Na4 36. Kd3 Kd6 37. Kd4 f6 38. f4 h5 39. c4 Nb2 40. c5+ Kd7 41. Nd2 Ke7 42. h3 Bb7 43. g4 Bc8 44. gxh5 gxh5 45. h4 Bb7 46. Ndf1 Nc4 47. Nxc4 bxc4 48. Ng3 f5 49. Nxf5+ Kf6 50. Nd6 Bc6 51. Kxc4 Bxe4 52. Nxe4+ Kf5 53. c6 Kxe4 54. c7 Kxf4 55. c8=Q Kg3 56. Qg8+ Kxh4 57. Kd4 a5 58. Ke4 axb4 59. Kf4 Kh3 60. Qg3# 1-0

[Event "Hungarian Youth-ch U10 2022"]
[Site "Eger"]
[Date "2022.07.27"]
[Round "5.2"]
[White "Hegedus, Zsombor"]
[Black "Hegedus, Bernat"]
[Result "0-1"]
[ECO "B55"]
[WhiteElo "1348"]
[BlackElo "1491"]
[Annotator "NA RC COMBH"]
[PlyCount "80"]
[EventDate "2022.07.21"]
[EventType "tourn"]
[EventCountry "HUN"]
[SourceTitle "playchess.com"]
[Source "ChessBase"]
[SourceQuality "1"]
[TimeControl "40/5400+30:1800+30"]

1. e4 c5 2. Nf3 d6 3. d4 cxd4 4. Nxd4 Nf6 5. f3 e5 6. Bb5+ Nbd7 7. Nf5 a6 8. Ba4 b5 9. Bb3 Nb6 10. O-O Bxf5 11. exf5 Be7 12. Nc3 d5 13. Re1 Qc7 14. Bg5 d4 15. Bxf6 Bxf6 16. Ne4 Be7 17. Rc1 Nc4 18. Bxc4 bxc4 19. Nd2 Bg5 20. Rb1 O-O 21. Qe2 Rac8 22. Rbd1 f6 23. Kh1 Rfd8 24. Ne4 Bf4 25. Nf2 Qa5 26. a3 c3 27. b3 Bd2 28. Rf1 Qxa3 29. Ne4 Bf4 30. Ra1 Qb4 31. Ra4 Qb5 32. Qxb5 axb5 33. Rb4 d3 34. cxd3 c2 35. g3 c1=Q 36. Rxc1 Rxc1+ 37. Kg2 Rc2+ 38. Kh3 Be3 39. Rxb5 Bg1 40. Rb6 Rxh2+ 0-1

[Event "Hungarian Youth-ch U10 2022"]
[Site "Eger"]
[Date "2022.07.27"]
[Round "5.3"]
[White "Brieber, Benedek"]
[Black "Szollosi, Balazs"]
[Result "1/2-1/2"]
[ECO "A46"]
[WhiteElo "1369"]
[BlackElo "1423"]
[Annotator "NA RC COMBH"]
[PlyCount "58"]
[EventDate "2022.07.21"]
[EventType "tourn"]
[EventCountry "HUN"]
[SourceTitle "playchess.com"]
[Source "ChessBase"]
[SourceQuality "1"]
[TimeControl "40/5400+30:1800+30"]

1. d4 Nf6 2. Nf3 d5 3. c4 c6 4. Bg5 Ne4 5. Bf4 Bf5 6. Nbd2 Nxd2 7. Qxd2 Nd7 8. e3 a5 9. a3 e6 10. Be2 dxc4 11. Bxc4 Be7 12. O-O O-O 13. Ne5 Nxe5 14. Bxe5 Bf6 15. Bxf6 Qxf6 16. Bd3 Bxd3 17. Qxd3 Rfd8 18. Qb3 Qe7 19. Rac1 h6 20. Rc5 Rd5 21. Rfc1 Rxc5 22. Rxc5 Qc7 23. g3 Rd8 24. Qc3 Rd5 25. Rxd5 exd5 26. Kf1 b6 27. b4 axb4 28. axb4 Qb7 29. Qa3 g6 1/2-1/2

[Event "Hungarian Youth-ch U10 2022"]
[Site "Eger"]
[Date "2022.07.27"]
[Round "5.4"]
[White "Papai, Mate"]
[Black "Molnar-Saska, Tamas"]
[Result "0-1"]
[ECO "A40"]
[WhiteElo "1385"]
[BlackElo "1455"]
[Annotator "NA RC COMBH"]
[PlyCount "99"]
[EventDate "2022.07.21"]
[EventType "tourn"]
[EventCountry "HUN"]
[SourceTitle "playchess.com"]
[Source "ChessBase"]
[SourceQuality "1"]
[TimeControl "40/5400+30:1800+30"]

1. d4 e5 2. dxe5 Nc6 3. Nf3 Qe7 4. Bf4 Qb4+ 5. Bd2 Qxb2 6. Nc3 Bb4 7. Rb1 Qa3 8. Nb5 Bxd2+ 9. Qxd2 Qxa2 10. Rd1 Kd8 11. Qg5+ Nge7 12. e3 Nb4 13. Nfd4 Rg8 14. e6 fxe6 15. Qc5 Nbc6 16. Bc4 Qa5+ 17. Ke2 Ke8 18. Qh5+ g6 19. Nxc6 Nxc6 20. Qxh7 Ne7 21. Rd3 a6 22. Rhd1 d5 23. e4 axb5 24. exd5 bxc4 25. Rd4 c3 26. Re4 c6 27. d6 Qh5+ 28. Qxh5 gxh5 29. dxe7 Kxe7 30. g3 Rf8 31. Re3 Ra3 32. f3 Rd8 33. Rxd8 Kxd8 34. Re5 h4 35. g4 b5 36. g5 Ke7 37. f4 Kf7 38. Rc5 Bd7 39. Ke3 b4 40. Kd4 Ra1 41. Re5 Ra2 42. Kd3 Bc8 43. Kc4 Rxc2 44. Kxb4 Rxh2 45. Kxc3 Rh1 46. Re2 h3 47. Kd2 h2 48. Ke3 Ba6 49. g6+ Kg7 50. Kd4 0-1

[Event "Hungarian Youth-ch U10 2022"]
[Site "Eger"]
[Date "2022.07.27"]
[Round "5.5"]
[White "Minga-Nagy, Abel Inti"]
[Black "Meszaros-Csonka, David"]
[Result "0-1"]
[ECO "D11"]
[WhiteElo "1540"]
[BlackElo "1361"]
[Annotator "NA RC COMBH"]
[PlyCount "68"]
[EventDate "2022.07.21"]
[EventType "tourn"]
[EventCountry "HUN"]
[SourceTitle "playchess.com"]
[Source "ChessBase"]
[SourceQuality "1"]
[TimeControl "40/5400+30:1800+30"]

1. d4 d5 2. c4 c6 3. Nf3 Nf6 4. g3 Bf5 5. Bg2 e6 6. O-O Nbd7 7. Nbd2 Be7 8. Nh4 Bg4 9. Re1 O-O 10. h3 Bh5 11. g4 Bg6 12. Nxg6 hxg6 13. e4 Nxe4 14. Nxe4 dxe4 15. Bxe4 e5 16. d5 Qc7 17. b3 f5 18. Bc2 e4 19. Bb2 Ne5 20. Bxe5 Qxe5 21. Qd2 Bc5 22. Kg2 fxg4 23. Rf1 gxh3+ 24. Kh1 Rf4 25. b4 Bd4 26. Rad1 Bc3 27. Qe3 Qf6 28. Bxe4 Re8 29. f3 Rexe4 30. Qxe4 Rxe4 31. fxe4 Qe5 32. Rd3 Qxe4+ 33. Rff3 Qe1+ 34. Kh2 Be5+ 0-1

[Event "Hungarian Youth-ch U10 2022"]
[Site "Eger"]
[Date "2022.07.27"]
[Round "5.6"]
[White "Csiszar, Vivien"]
[Black "Ferenczy, Nora"]
[Result "0-1"]
[ECO "B40"]
[WhiteElo "1068"]
[BlackElo "1051"]
[Annotator "NA RC COMBH"]
[PlyCount "112"]
[EventDate "2022.07.21"]
[EventType "tourn"]
[EventCountry "HUN"]
[SourceTitle "playchess.com"]
[Source "ChessBase"]
[SourceQuality "1"]
[TimeControl "40/5400+30:1800+30"]

1. e4 c5 2. Nf3 e6 3. c3 d5 4. e5 Nc6 5. d4 f6 6. Bd3 Qc7 7. Bf4 cxd4 8. cxd4 Qb6 9. Nc3 Qxb2 10. Rc1 Bb4 11. Qd2 Qxd2+ 12. Bxd2 fxe5 13. dxe5 a6 14. Na4 Bxd2+ 15. Kxd2 Bd7 16. Nb6 Rd8 17. Ng5 g6 18. Nxd7 Rxd7 19. Bxa6 Nxe5 20. Bb5 Nc6 21. Bxc6 bxc6 22. Rxc6 e5 23. Re6+ Re7 24. Re1 e4 25. Rd6 Re5 26. f4 Rf5 27. Rf1 h6 28. g4 Rf6 29. Re6+ Kd7 30. Rxf6 Nxf6 31. Nf7 Ra8 32. Ne5+ Kd6 33. Ra1 d4 34. a4 Kc5 35. Nxg6 Nxg4 36. Rc1+ Kb4 37. Rb1+ Ka3 38. Re1 e3+ 39. Kd3 Rxa4 40. Ra1+ Kb3 41. Rxa4 Kxa4 42. Ne5 Nxe5+ 43. fxe5 Kb5 44. e6 Kc6 45. e7 Kd7 46. e8=Q+ Kxe8 47. Ke2 Kf7 48. Kd3 Kf6 49. Ke2 Kg5 50. Kd3 Kg4 51. Ke2 Kh3 52. Kf1 d3 53. Ke1 Kxh2 54. Kd1 Kg2 55. Ke1 e2 56. Kd2 Kf2 0-1

[Event "Hungarian Youth-ch U10 2022"]
[Site "Eger"]
[Date "2022.07.27"]
[Round "5.7"]
[White "Wang, Luomeng"]
[Black "Hangay, Lilla"]
[Result "1/2-1/2"]
[ECO "C55"]
[WhiteElo "1078"]
[BlackElo "1169"]
[Annotator "NA RC COMBH"]
[PlyCount "114"]
[EventDate "2022.07.21"]
[EventType "tourn"]
[EventCountry "HUN"]
[SourceTitle "playchess.com"]
[Source "ChessBase"]
[SourceQuality "1"]
[TimeControl "40/5400+30:1800+30"]

1. e4 e5 2. Nf3 Nc6 3. d4 exd4 4. Bc4 Nf6 5. O-O Be7 6. Nxd4 Nxe4 7. Re1 d5 8. Nxc6 bxc6 9. Bd3 O-O 10. Bd2 Nxd2 11. Nxd2 Bf6 12. c3 d4 13. Qc2 g6 14. c4 Be6 15. Ne4 Bg7 16. Rab1 Qh4 17. Nc5 Bc8 18. Be4 Qf6 19. Qa4 Bf5 20. Bxf5 Qxf5 21. Qxc6 d3 22. Qd5 Qxd5 23. cxd5 d2 24. Red1 Bh6 25. Nb3 Rfd8 26. Nxd2 Rxd5 27. Ne4 Rxd1+ 28. Rxd1 Bg7 29. b3 a5 30. Nc5 Bf8 31. Na4 Bb4 32. Kf1 Re8 33. Nb2 Re6 34. Nd3 Rd6 35. f3 Kf8 36. Nb2 Rxd1+ 37. Nxd1 Ke7 38. Ke2 Ke6 39. Kd3 Kd5 40. Nc3+ Bxc3 41. Kxc3 Kc5 42. a3 c6 43. b4+ axb4+ 44. axb4+ Kb5 45. Kb3 f5 46. g4 fxg4 47. fxg4 g5 48. h3 h6 49. Kc3 c5 50. bxc5 Kxc5 51. Kd3 Kd5 52. Ke3 Ke5 53. Kf3 Kf6 54. Kg3 Kg6 55. h4 h5 56. gxh5+ Kxh5 57. hxg5 Kxg5 1/2-1/2

[Event "Hungarian Youth-ch U10 2022"]
[Site "Eger"]
[Date "2022.07.27"]
[Round "5.8"]
[White "Hangyal, Anna"]
[Black "Illes-Nagy, Nora"]
[Result "1-0"]
[ECO "A16"]
[WhiteElo "1154"]
[BlackElo "1402"]
[Annotator "NA RC COMBH"]
[PlyCount "79"]
[EventDate "2022.07.21"]
[EventType "tourn"]
[EventCountry "HUN"]
[SourceTitle "playchess.com"]
[Source "ChessBase"]
[SourceQuality "1"]
[TimeControl "40/5400+30:1800+30"]

1. c4 Nf6 2. Nc3 d5 3. cxd5 Nxd5 4. e4 Nxc3 5. bxc3 e6 6. g3 c6 7. Bg2 Nd7 8. d4 Nb6 9. Qb3 Be7 10. Ne2 Bf6 11. e5 Be7 12. c4 Qc7 13. Bb2 a5 14. a3 a4 15. Qc2 O-O 16. O-O Rd8 17. Rfd1 g6 18. Rac1 Bf8 19. Qb1 Qb8 20. h3 Bg7 21. f4 Nd7 22. d5 cxd5 23. cxd5 exd5 24. Bxd5 Re8 25. Qa2 Nxe5 26. fxe5 Be6 27. Bxe6 Rxe6 28. Nf4 Bh6 29. Nxe6 Bxc1 30. Rxc1 fxe6 31. Qxe6+ Kg7 32. Qf6+ Kg8 33. Rf1 Qa7+ 34. Kh1 b5 35. Qe6+ Kg7 36. Qd5 Kh6 37. Rf7 Qe3 38. Qxa8 Qe1+ 39. Kh2 Qd2+ 40. Qg2 1-0

[Event "Hungarian Youth-ch U10 2022"]
[Site "Eger"]
[Date "2022.07.28"]
[Round "6.1"]
[White "Morovan-Szabo, Lorinc"]
[Black "Meszaros-Csonka, David"]
[Result "1/2-1/2"]
[ECO "B73"]
[WhiteElo "1232"]
[BlackElo "1361"]
[Annotator "NA RC COMBH"]
[PlyCount "104"]
[EventDate "2022.07.21"]
[EventType "tourn"]
[EventCountry "HUN"]
[SourceTitle "playchess.com"]
[Source "ChessBase"]
[SourceQuality "1"]
[TimeControl "40/5400+30:1800+30"]

1. e4 c5 2. Nf3 g6 3. d4 cxd4 4. Nxd4 Nc6 5. Nc3 Bg7 6. Be3 Nf6 7. Be2 O-O 8. O-O d6 9. Qd2 Ng4 10. Bxg4 Bxg4 11. h3 Bd7 12. f4 Rc8 13. f5 Ne5 14. b3 a6 15. Nde2 b5 16. Nd5 Rb8 17. Bg5 f6 18. Be3 e6 19. fxe6 Bxe6 20. Nef4 Bd7 21. Qb4 Nf7 22. Rad1 a5 23. Qe1 Re8 24. Bd4 Bf5 25. Qc3 Rc8 26. Bxf6 Rxc3 27. Bxd8 Rxc2 28. exf5 Rxd8 29. fxg6 Ne5 30. Ne7+ Kh8 31. gxh7 Rd7 32. Nfg6+ Nxg6 33. Nxg6+ Kxh7 34. Nf8+ Bxf8 35. Rxf8 Rxa2 36. Rb8 b4 37. Rd5 Rg7 38. g4 Ra3 39. Rbb5 Rxb3 40. Rh5+ Kg8 41. Rb8+ Kf7 42. Rb7+ Kg6 43. Rb6 Rd7 44. Rxa5 Rxh3 45. Rab5 Rg3+ 46. Kf2 Rxg4 47. Rxb4 Rxb4 48. Rxb4 Re7 49. Rb2 Re6 50. Re2 Kf6 51. Rxe6+ Kxe6 52. Ke2 Ke5 1/2-1/2

[Event "Hungarian Youth-ch U10 2022"]
[Site "Eger"]
[Date "2022.07.28"]
[Round "6.2"]
[White "Molnar-Saska, Tamas"]
[Black "Minga-Nagy, Abel Inti"]
[Result "0-1"]
[ECO "B35"]
[WhiteElo "1455"]
[BlackElo "1540"]
[Annotator "NA RC COMBH"]
[PlyCount "46"]
[EventDate "2022.07.21"]
[EventType "tourn"]
[EventCountry "HUN"]
[SourceTitle "playchess.com"]
[Source "ChessBase"]
[SourceQuality "1"]
[TimeControl "40/5400+30:1800+30"]

1. e4 c5 2. Nf3 Nc6 3. d4 cxd4 4. Nxd4 g6 5. Nc3 Bg7 6. Be3 Nf6 7. Bc4 O-O 8. Bb3 d6 9. f3 Qb6 10. Nf5 Qa5 11. Nxg7 Kxg7 12. Qd2 Qh5 13. O-O-O Rd8 14. h4 Na5 15. Nd5 Nxb3+ 16. axb3 Nxd5 17. g4 Bxg4 18. fxg4 Qxg4 19. exd5 Rac8 20. Rdg1 Qe4 21. Rf1 h5 22. Rf4 Qxh1+ 23. Qd1 Qxd1+ 0-1

[Event "Hungarian Youth-ch U10 2022"]
[Site "Eger"]
[Date "2022.07.28"]
[Round "6.3"]
[White "Szollosi, Balazs"]
[Black "Papai, Mate"]
[Result "0-1"]
[ECO "B44"]
[WhiteElo "1423"]
[BlackElo "1385"]
[Annotator "NA RC COMBH"]
[PlyCount "56"]
[EventDate "2022.07.21"]
[EventType "tourn"]
[EventCountry "HUN"]
[SourceTitle "playchess.com"]
[Source "ChessBase"]
[SourceQuality "1"]
[TimeControl "40/5400+30:1800+30"]

1. e4 c5 2. Nf3 e6 3. d4 cxd4 4. Nxd4 Nc6 5. Nxc6 bxc6 6. Bd3 Nf6 7. Bg5 h6 8. Bh4 Bb7 9. O-O Be7 10. Nc3 O-O 11. Re1 d5 12. exd5 cxd5 13. Ne2 e5 14. Rc1 d4 15. c4 e4 16. Bxe4 Bxe4 17. Nxd4 g5 18. Bg3 Bb4 19. Re2 Rc8 20. Be5 Bg6 21. Qb3 Bd6 22. Nf3 Bxe5 23. Rxe5 Rb8 24. Qc3 Ne4 25. Qa3 g4 26. Rd5 Qf6 27. Ne5 Qxf2+ 28. Kh1 Rxb2 0-1

[Event "Hungarian Youth-ch U10 2022"]
[Site "Eger"]
[Date "2022.07.28"]
[Round "6.4"]
[White "Hegedus, Bernat"]
[Black "Brieber, Benedek"]
[Result "1-0"]
[ECO "D10"]
[WhiteElo "1491"]
[BlackElo "1369"]
[Annotator "NA RC COMBH"]
[PlyCount "55"]
[EventDate "2022.07.21"]
[EventType "tourn"]
[EventCountry "HUN"]
[SourceTitle "playchess.com"]
[Source "ChessBase"]
[SourceQuality "1"]
[TimeControl "40/5400+30:1800+30"]

1. d4 d5 2. c4 c6 3. e3 e6 4. Nf3 f5 5. Ne5 Nf6 6. Be2 Bd6 7. O-O O-O 8. Nd2 Nbd7 9. f4 Ne4 10. Ndf3 Rf6 11. Bd2 Rh6 12. Be1 Qe8 13. Ng5 Nxe5 14. dxe5 Bc5 15. Rf3 Qe7 16. cxd5 cxd5 17. Nxe4 dxe4 18. b4 exf3 19. bxc5 fxe2 20. Qxe2 Qxc5 21. Rd1 Qc7 22. Qb5 Qc6 23. Rd8+ Kf7 24. Qb4 b6 25. Rf8+ Kg6 26. Qe7 Rh5 27. Rf6+ gxf6 28. Qxf6# 1-0